 Dungeon Sprint DCSS version 0.29-a0-1027-gcd8c55af63 (webtiles) character file.

Game seed: 16035728165017383229

264 mhtbhm the Covert (level 5, -9/29 HPs)
             Began as a Spriggan Brigand on Aug 13, 2022.
             Was an Initiate of Dithmenos.
             Mangled by a fire elemental (14 damage)
             ... summoned by a deep elf pyromancer
             ... in the Dungeon (Sprint III: "The Ten Rune Challenge").
             The game lasted 00:01:22 (592 turns).

mhtbhm the Covert (Spriggan Brigand)                 Turns: 592, Time: 00:01:23

Health: -9/29      AC:  3    Str:  7    XL:     5   Next: 98%
Magic:  7/7        EV: 18    Int: 13    God:    Dithmenos [......]
Gold:   25         SH:  0    Dex: 18    Spells: 4/4 levels left

rFire   . . .      SeeInvis +   a - +2 dagger
rCold   . . .      Faith    .   (no shield)
rNeg    . . .      Spirit   .   b - +0 robe
rPois   .          Reflect  .   (helmet restricted)
rElec   .          Harm     .   c - +0 cloak
rCorr   .          Rampage  .   (gloves unavailable)
Will    .....      NoTele   +   (boots unavailable)
Stlth   ++++++....              (no amulet)
HPRegen 0.09/turn               (no ring)
MPRegen 0.10/turn               (no ring)

@: very quick
A: very small, no large weapons, unfitting armour, see invisible, speed 3
a: Renounce Religion


You were in the Dungeon.
You worshipped Dithmenos.
Dithmenos was noncommittal.
You visited 1 branch You collected 25 gold pieces.

Inventory:

Hand Weapons
 a - a +2 dagger (weapon)
Missiles
 d - 5 poisoned darts (quivered)
Armour
 b - a +0 robe (worn)
 c - a +0 cloak (worn)
Wands
 j - a wand of flame (8)
Scrolls
 k - a scroll of blinking
 l - a scroll of enchant weapon {unknown}
 n - a scroll of poison {unknown}
 o - 2 scrolls of identify
 r - a scroll of immolation {unknown}
 s - a scroll of fog {unknown}
Potions
 f - a potion of curing
 h - a potion of haste
 i - 2 potions of magic
 m - 3 potions of mutation {unknown}
 p - a potion of invisibility {unknown}
 q - 3 potions of flight


   Skills:
 + Level 3.9 Fighting
 + Level 5.4 Short Blades
 + Level 5.3 Throwing
 + Level 2.9 Dodging
 + Level 14.7 Stealth
 * Level 1.3 Invocations


You had 4 spell levels left.
You didn't know any spells.
Your spell library contained the following spells:

 Spells                   Type           Power      Damage    Failure   Level
 Apportation              Tloc           0%         N/A       30%         1
 Dazzling Flash           Conj/Hex       0%         N/A       67%         3
 Iskenderun's Mystic Bla  Conj/Tloc      0%         2d3       97%         4
 Alistair's Intoxication  Tmut/Pois      0%         N/A       100%        5
 Starburst                Conj/Fire      0%         6d3       100%        6


Dungeon Overview and Level Annotations

Branches:
Dungeon (1/1)

Altars:
Dithmenos
Elyvilon
Kikubaaqudgha
Ru
Sif Muna
Vehumet
Yredelemnul
Zin
The Shining One


Innate Abilities, Weirdness & Mutations

You are very small and have problems with some larger weapons.
You are too small for most types of armour.
You have supernaturally acute eyesight. (SInv)
You cover ground extremely quickly. (Speed+++)


Message History

You throw a curare-tipped dart.
The curare-tipped dart barely misses the deep elf pyromancer.
The deep elf pyromancer barely misses you.
Unknown command.
You hit the deep elf pyromancer.
The deep elf pyromancer is severely wounded.
Throw: 8 darts (poison)
Press: ? - help, Q - select action, (/) - cycle Shift-Dir - straight line, f/p - deep elf pyromancer
Aim: a deep elf pyromancer, wielding a +1 long sword of holy wrath (severely wounded, very poisoned, slow, 54% to hit)
You throw a poisoned dart.
The poisoned dart barely misses the deep elf pyromancer.
The deep elf pyromancer hits you with a +1 long sword of holy wrath!
Unknown command.
Throw: 7 darts (poison)
Press: ? - help, Q - select action, (/) - cycle Shift-Dir - straight line, f/p - deep elf pyromancer
Aim: a deep elf pyromancer, wielding a +1 long sword of holy wrath (almost dead, very poisoned, slow, 54% to hit)
You throw a poisoned dart.
The poisoned dart barely misses the deep elf pyromancer.
Throw: 6 darts (poison)
Press: ? - help, Q - select action, (/) - cycle Shift-Dir - straight line, f/p - deep elf pyromancer
Aim: a deep elf pyromancer, wielding a +1 long sword of holy wrath (almost dead, very poisoned, slow, 54% to hit)
You throw a poisoned dart.
The poisoned dart closely misses the deep elf pyromancer.
The deep elf pyromancer gestures wildly while chanting.
You feel much better. The fire elemental hits you.
The fire elemental burns you!
You hit the deep elf pyromancer.
The deep elf pyromancer is almost dead.
The fire elemental misses you.
The deep elf pyromancer gestures at you while chanting.
The bolt of fire misses you.
You hit the deep elf pyromancer.
The deep elf pyromancer is almost dead.
You are engulfed in a cloud of scalding steam.
The fire elemental hits you. The fire elemental burns you!
* * * LOW HITPOINT WARNING * * *
The fire elemental hits you.
* * * LOW HITPOINT WARNING * * *
The fire elemental burns you!
You die...

▓▓▓▓▓▓▓ ▓▓▓ ..'...♣♣♣
♣.##### #### ..#.....♣
♣.#___# #__# ###....♣♣
♣♣.#e.°# #._# ..#....~♣
♣♣..###°#+###'##
..#...~~♣♣♣...#.eE.......#
..#..~~~~..♣♣.'.@........#
#'#..~≈≈~~~.♣.#..E######+#
.†#.~~≈~~~....#.§.#
..#.~≈~~~.....#...#
..#.~~~.......#'###
###...........#.))#
..............#___#
▓▓▓▓▓▓▓▓▓▓▓▓▓▓▓▓▓▓▓


You could see a deep elf pyromancer (very poisoned, slow) and 2 fire elementals.

Vanquished Creatures
  A water elemental (D)
  A scorpion (D)
  A necrophage (D)
  A wizard (D)
  A necromancer (D)
  A kobold demonologist (D)
  A human (D)
  2 endoplasms (D)
  2 rats (D)
11 creatures vanquished.

Notes
Turn   | Place    | Note
-------+----------+-------------------------------------------
     0 | D        | mhtbhm the Spriggan Brigand began the quest for the Orb.
     0 | D        | Reached XP level 1. HP: 10/10 MP: 2/2
     6 | D        | Reached skill level 6 in Stealth
   308 | D        | Reached skill level 7 in Stealth
   344 | D        | Reached skill level 8 in Stealth
   344 | D        | Reached XP level 2. HP: 14/16 MP: 3/3
   393 | D        | Noticed a scorpion
   400 | D        | Killed a scorpion
   401 | D        | Reached skill level 11 in Stealth
   401 | D        | Reached XP level 3. HP: 19/20 MP: 4/4
   401 | D        | Reached XP level 4. HP: 23/24 MP: 5/5
   435 | D        | Noticed a water elemental
   446 | D        | Killed a water elemental
   447 | D        | Reached skill level 12 in Stealth
   447 | D        | Reached XP level 5. HP: 28/28 MP: 6/6
   533 | D        | Found a shadowy altar of Dithmenos.
   534 | D        | Found a basalt altar of Yredelemnul.
   534 | D        | Found a sacrificial altar of Ru.
   536 | D        | Reached skill level 13 in Stealth
   537 | D        | Reached skill level 5 in Short Blades
   537 | D        | Reached skill level 5 in Throwing
   537 | D        | Reached skill level 14 in Stealth
   540 | D        | Became a worshipper of Dithmenos the Shadowed
   557 | D        | Found a radiant altar of Vehumet.
   558 | D        | Found a shimmering blue altar of Sif Muna.
   558 | D        | Found an ancient bone altar of Kikubaaqudgha.
   560 | D        | Reached skill level 1 in Invocations
   574 | D        | Found a glowing silver altar of Zin.
   575 | D        | Found a glowing golden altar of the Shining One.
   575 | D        | Found a white marble altar of Elyvilon.
   575 | D        | Noticed a deep elf pyromancer
   590 | D        | Noticed a fire elemental
   590 | D        | Noticed a fire elemental
   592 | D        | Mangled by a fire elemental

Illustrated notes

Levels and vault maps discovered:
D:        dungeon_sprint_mu [sprint_mu_entry_forest, sprint_mu_temple_rooms,
          sprint_mu_d1_horrors, sprint_mu_d2_genie, sprint_mu_d3_branching,
          sprint_mu_orc_legion, sprint_mu_elf_gauntlet, sprint_mu_hive_nellie,
          sprint_mu_lair_fedhas, sprint_mu_vaults_butterflies,
          sprint_mu_slime_circle, sprint_mu_shoals_kraken,
          sprint_mu_snake_twists, sprint_mu_blade_basic,
          sprint_mu_crypt_fortress, sprint_mu_tomb_spiral,
          sprint_mu_vestibule_basic, sprint_mu_gehenna_hellfire,
          sprint_mu_dis_giant, sprint_mu_tartarus_statrot,
          sprint_mu_cocytus_islands, sprint_mu_zot1]

Skill      XL: |  1  2  3  4  5 |
---------------+----------------+-----
Stealth        | 8 11 12 14 | 14.7
Fighting       | 2 3 |  3.9
Short Blades   | 3 4 5 |  5.4
Throwing       | 3 4 5 |  5.3
Dodging        | 2 |  2.9
Invocations    | 1 |  1.3

Action                   |  1- 3 |  4- 6 || total
-------------------------+-------+-------++-------
Melee: Dagger            |    16 |    15 ||    31
       Punch             |       |     1 ||     1
Throw: Dart              |     9 |     6 ||    15
Evoke: Wand              |       |     1 ||     1
  Use: Potion            |       |     2 ||     2
 Stab: Sleeping          |       |     4 ||     4
Armor: Robe              |     1 |     2 ||     3
Dodge: Dodged            |     4 |     5 ||     9

Table legend: (Time is in decaauts)
 A = Elapsed time spent in this place.
 B = Non-inter-level travel time spent in this place.
 C = Inter-level travel time spent in this place.
 D = Time resting spent in this place.
 E = Time spent auto-exploring this place.
 F = Levels seen in this place.
 G = Mean time per level.
                   A        B        C        D        E       F      G
               +--------+--------+--------+--------+--------+-----+--------+
         Total |    541 |    541 |      0 |    387 |      0 |   1 |  541.0 |
       Dungeon |    541 |    541 |      0 |    387 |      0 |   1 |  541.0 |
               +--------+--------+--------+--------+--------+-----+--------+

Top non-repeatable levels by time:
       D: 541 daAuts
